 Dungeon Crawl Stone Soup version 0.29.0-4-gdea44cf6ec (webtiles) character file.

Game seed: 5935943554607035009

197 qw the Chopper (level 5, -1/30 HPs)
             Began as a Tengu Warper on Aug 28, 2022.
             Was an Initiate of Okawaru.
             Killed from afar by Ijyb (2 damage)
             ... with a puff of flame
             ... on level 4 of the Dungeon.
             The game lasted 00:00:18 (3694 turns).

qw the Chopper (Tengu Warper)                       Turns: 3694, Time: 00:00:18

Health: -1/30      AC:  9    Str: 14    XL:     5   Next: 75%
Magic:  9/9        EV:  7    Int: 13    God:    Okawaru [......]
Gold:   92         SH:  3    Dex: 13    Spells: 8/8 levels left

rFire   . . .      SeeInvis .   b - +0 war axe
rCold   . . .      Faith    .   h - +0 buckler
rNeg    . . .      Spirit   .   d - +0 chain mail
rPois   .          Reflect  .   (helmet restricted)
rElec   .          Harm     .   (no cloak)
rCorr   .          Rampage  .   i - +0 pair of gloves
Will    .....                   (boots unavailable)
Stlth   ..........              (no amulet)
HPRegen 0.10/turn               (no ring)
MPRegen 0.11/turn               (no ring)

@: flying quickly and evasively, quick
A: beak, talons 3, nimble flight
a: Renounce Religion


You were on level 4 of the Dungeon.
You worshipped Okawaru.
Okawaru was noncommittal.
You visited 1 branch of the dungeon, and saw 4 of its levels.

You collected 182 gold pieces.
You spent 90 gold pieces at shops.


Innate Abilities, Weirdness & Mutations

You have a beak for a mouth.
You have claws for feet.
Your magical nature lets you fly swiftly and evasively.


   Skills:
 - Level 2.0 Fighting
 - Level 6.4 Axes
 - Level 1.0 Throwing
 - Level 1.1 Armour
 - Level 2.1 Dodging
 + Level 0.0 Shields
 - Level 2.0 Spellcasting
 - Level 2.4 Translocations


You had 8 spell levels left.
You didn't know any spells.
Your spell library contained the following spells:

 Spells                   Type           Power      Damage    Failure   Level
 Blink                    Tloc           14%        N/A       99%         2
 Gell's Gravitas          Tloc           7%         N/A       100%        3
 Lesser Beckoning         Tloc           7%         N/A       100%        3
 Teleport Other           Tloc           7%         N/A       100%        3
 Manifold Assault         Tloc           7%         N/A       100%        5

Inventory:

Hand Weapons
 a - a +0 mace
 b - a +0 war axe (weapon)
Armour
 d - a +0 chain mail (worn)
 h - a +0 buckler (worn)
 i - a +0 pair of gloves (worn)
Potions
 e - 2 potions of curing {unknown}
 f - a potion of mutation {unknown}
 g - a potion of might

Dungeon Overview and Level Annotations

Branches:
Dungeon (4/15)
 Temple: D:4-7

Altars:
Kikubaaqudgha
Okawaru

Shops:
D:3 [

Annotations:
D:4 Ijyb


Message History

Ijyb shouts!
A goblin comes into view. It is wielding a +0 dagger.
3678 ||| Stepping ~*~*~tactically~*~*~ (hiding).
You start waiting.
Ijyb is nearby!
Ijyb hits you but does no damage.
You closely miss Ijyb. Your kick misses Ijyb.
Ijyb zaps a wand.
The puff of flame hits you.
You hit Ijyb but do no damage. You claw Ijyb.
Ijyb is lightly wounded.
Ijyb closely misses you. x2
You barely miss Ijyb. You claw Ijyb.
Ijyb is moderately wounded.
Ijyb hits you with a +0 spectral club.
You barely miss Ijyb.
Ijyb is moderately wounded.
You block Ijyb's attack.
You hit Ijyb. Your kick misses Ijyb. You peck Ijyb, but do no damage.
Ijyb is heavily wounded.
Ijyb zaps a wand.
The puff of flame hits you!
You hit Ijyb. Your peck misses Ijyb.
Ijyb is heavily wounded.
Ijyb hits you with a +0 spectral club. x2
You closely miss Ijyb. You peck Ijyb, but do no damage.
Ijyb is heavily wounded.
Ijyb zaps a wand.
The puff of flame misses you.
You barely miss Ijyb.
Ijyb is heavily wounded.
You block Ijyb's attack.
You miss Ijyb. You claw Ijyb, but do no damage. Your peck misses Ijyb.
Ijyb is heavily wounded.
Ijyb zaps a wand.
The puff of flame misses you.
You hit Ijyb. Your peck misses Ijyb.
Ijyb is severely wounded.
Ijyb zaps a wand.
The puff of flame hits you.
Ijyb zaps a wand.
The puff of flame hits you!
You hit Ijyb but do no damage. You claw Ijyb, but do no damage.
Ijyb is severely wounded.
Ijyb zaps a wand.
The puff of flame hits you.
You die...

.........#.#
#..#.
######.....# #
#..##
........####.##
....
#.###+#........
#.....
#.........##
##...#
#.....#####
####.....#
.........#
########@#
#.g......
####..... .<..
... .. .


You could see Ijyb.

Vanquished Creatures
  Natasha (thrice) (D:2)
  3 adders
  A gnoll (D:3)
  3 worms
  2 dart slugs (D:3)
  7 orcs (D:3)
  6 ball pythons
  7 bats
  4 endoplasms
  2 giant cockroaches
  7 goblins
  9 hobgoblins
  A quokka (D:1)
  3 frilled lizards
  4 kobolds
  8 rats
70 creatures vanquished.

Vanquished Creatures (others)
  2 fungi (D:2)
  A plant (D:2)
3 creatures vanquished.

Grand Total: 73 creatures vanquished

Notes
Turn   | Place    | Note
-------+----------+-------------------------------------------
     0 | D:1      | qw the Tengu Warper began the quest for the Orb.
     0 | D:1      | Reached XP level 1. HP: 12/12 MP: 4/4
     0 | D:1      | 0 ||| qw: Version: 0.1-a-89-g26bdef1
     0 | D:1      | 0 ||| qw: Game counter: 3246
     0 | D:1      | 0 ||| qw: Always use a shield: true
     0 | D:1      | 0 ||| qw: God list: Okawaru
     0 | D:1      | 0 ||| qw: Allow faded altars: false
     0 | D:1      | 0 ||| qw: Do Orc after D:15 true
     0 | D:1      | 0 ||| qw: Do second Lair branch before Depths: true
     0 | D:1      | 0 ||| qw: Lair rune preference: random
     0 | D:1      | 0 ||| qw: Plans: Normal
     0 | D:1      | 0 ||| PLANNING D:1-11
   145 | D:1      | Reached XP level 2. HP: 15/17 MP: 6/6
   146 | D:1      | Reached skill level 3 in Axes
  1046 | D:1      | 1046 ||| UPGRADING to +0 ring mail.
  1056 | D:1      | 1056 ||| DROPPING +0 leather armour.
  1057 | D:1      | 1057 ||| READING scroll labelled ESUOM HEICVAMEB.
  1058 | D:1      | 1058 ||| READING scroll labelled TAXEME VISMO.
  1059 | D:1      | 1059 ||| DROPPING scroll of blinking.
  1113 | D:2      | Reached skill level 4 in Axes
  1113 | D:2      | Reached XP level 3. HP: 20/21 MP: 7/7
  1204 | D:2      | Identified the +1 ring mail of Larexkougeo {Int+5 Stlth+}
  1250 | D:2      | Found a faded altar of an unknown god.
  1305 | D:2      | 1305 ||| Stepping ~*~*~tactically~*~*~ (stealth).
  1514 | D:2      | Noticed Natasha
  1515 | D:2      | 1515 ||| Stepping ~*~*~tactically~*~*~ (hiding).
  1522 | D:2      | HP: 5/21 [Natasha (2)]
  1523 | D:2      | Killed Natasha
  1524 | D:2      | Reached XP level 4. HP: 7/26 MP: 8/8
  1811 | D:2      | Reached skill level 5 in Axes
  1841 | D:2      | 1841 ||| Stepping ~*~*~tactically~*~*~ (stealth).
  2022 | D:2      | Noticed Natasha
  2030 | D:2      | Killed Natasha
  2091 | D:2      | Noticed Natasha
  2092 | D:2      | 2092 ||| Stepping ~*~*~tactically~*~*~ (stealth).
  2093 | D:2      | 2093 ||| Stepping ~*~*~tactically~*~*~ (stealth).
  2100 | D:2      | 2100 ||| Stepping ~*~*~tactically~*~*~ (stealth).
  2101 | D:2      | 2101 ||| Stepping ~*~*~tactically~*~*~ (stealth).
  2134 | D:2      | Killed Natasha
  2135 | D:2      | Gained mutation: Your magical nature lets you fly swiftly
                  | and evasively. [Tengu growth]
  2135 | D:2      | Reached XP level 5. HP: 8/30 MP: 9/9
  2443 | D:2      | 2443 ||| UPGRADING to +1 ring mail of Larexkougeo {Int+5
                  | Stlth+}.
  2453 | D:2      | 2453 ||| DROPPING +0 ring mail.
  2454 | D:2      | 2454 ||| READING scroll labelled PAEMOF RIGUETU.
  2455 | D:2      | 2455 ||| READING scroll labelled YLEHESS RELOXA.
  2456 | D:2      | 2456 ||| READING scroll labelled RUFAENAOZU.
  2468 | D:3      | 2468 ||| Stepping ~*~*~tactically~*~*~ (hiding).
  2561 | D:3      | 2561 ||| Stepping ~*~*~tactically~*~*~ (hiding).
  2663 | D:3      | 2663 ||| Stepping ~*~*~tactically~*~*~ (hiding).
  2765 | D:3      | 2765 ||| Stepping ~*~*~tactically~*~*~ (hiding).
  2855 | D:3      | 2855 ||| DROPPING +0 club.
  2913 | D:3      | 2913 ||| Stepping ~*~*~tactically~*~*~ (hiding).
  2914 | D:3      | 2914 ||| Stepping ~*~*~tactically~*~*~ (hiding).
  2926 | D:3      | Reached skill level 6 in Axes
  3076 | D:3      | 3076 ||| SWAPPING to +0 war axe.
  3077 | D:3      | 3077 ||| DROPPING +0 hand axe.
  3111 | D:3      | 3111 ||| Stepping ~*~*~tactically~*~*~ (stealth).
  3115 | D:3      | 3115 ||| Stepping ~*~*~tactically~*~*~ (stealth).
  3132 | D:3      | 3132 ||| Stepping ~*~*~tactically~*~*~ (stealth).
  3134 | D:3      | 3134 ||| Stepping ~*~*~tactically~*~*~ (stealth).
  3143 | D:3      | Found an iron altar of Okawaru.
  3151 | D:3      | Became a worshipper of Warmaster Okawaru
  3311 | D:3      | Found an ancient bone altar of Kikubaaqudgha.
  3401 | D:3      | Found Eddogor's Armour Shoppe.
  3411 | D:3      | 3411 ||| BUYING +0 buckler (45 gold).
  3411 | D:3      | Bought a +0 buckler for 45 gold pieces
  3411 | D:3      | 3411 ||| BUYING +0 pair of gloves (45 gold).
  3411 | D:3      | Bought a +0 pair of gloves for 45 gold pieces
  3411 | D:3      | 3411 ||| SHOPLISTING +0 plate armour "Gerghuton" {Str+3}
                  | (363 gold, have 87).
  3579 | D:3      | 3579 ||| UPGRADING to +0 chain mail.
  3589 | D:3      | 3589 ||| DROPPING +1 ring mail of Larexkougeo {Int+5
                  | Stlth+}.
  3590 | D:3      | 3590 ||| UPGRADING to +0 buckler.
  3595 | D:3      | 3595 ||| UPGRADING to +0 pair of gloves.
  3600 | D:3      | 3600 ||| DRINKING 2 gluggy clear potions.
  3677 | D:4      | Noticed Ijyb
  3678 | D:4      | 3678 ||| Stepping ~*~*~tactically~*~*~ (hiding).
  3693 | D:4      | HP: 1/30 [Ijyb/puff of flame (9)]
  3694 | D:4      | Killed from afar by Ijyb

Levels and vault maps discovered:
D:1:      heliophobic_arrival_henge, layout_rooms, minmay_misc_feat_hallway
D:2:      layout_basic, shapermc_ecumenical_altar_ellora, uniq_natasha
D:3:      layout_basic, overflow_temple_1_default, okawaru_altar_gauntlet_db,
          serial_shops, shop, minmay_cupped
D:4:      layout_basic, uniq_ijyb

Skill      XL: |  1  2  3  4  5 |
---------------+----------------+-----
Axes           | 4 5 6 |  6.4
Fighting       | |  2.0
Throwing       | |  1.0
Armour         | |  1.1
Dodging        | |  2.1
Spellcasting   | |  2.0
Translocations | |  2.4

Action                   |  1- 3 |  4- 6 || total
-------------------------+-------+-------++-------
Melee: Hand axe          |    74 |    65 ||   139
       Peck              |    14 |    19 ||    33
       Kick              |    16 |    33 ||    49
       War axe           |       |    46 ||    46
Throw: Boomerang         |     7 |       ||     7
  Use: Scroll            |     2 |     3 ||     5
       Potion            |       |     1 ||     1
Armor: Leather armour    |    13 |       ||    13
       Ring mail         |    10 |    25 ||    35
       Chain mail        |       |     1 ||     1
Dodge: Dodged            |    34 |    53 ||    87
Block: Buckler           |       |     2 ||     2

Table legend:
 A = Non-vault XP
 B = Vault XP
 C = Vault XP percentage of total XP
 D = Non-vault monster count
 E = Vault monster count
 F = Vault count percentage of total count
                 A         B        C        D         E       F
            +---------+---------+-------+---------+---------+-------
      Total |     214 |      68 |  24.1 |      59 |      11 |  15.7
            +---------+---------+-------+---------+---------+-------
        D:1 |      32 |       0 |   0.0 |      20 |       0 |   0.0
        D:2 |     124 |      33 |  21.0 |      17 |       1 |   5.6
        D:3 |      58 |      35 |  37.6 |      22 |      10 |  31.2
            +---------+---------+-------+---------+---------+-------
